[Event "Biel Master Tournament 2019"]
[Site "Biel"]
[Date "2019.07.29"]
[Round "7.16"]
[White "Sedlak, Nikola"]
[Black "Pranav Anand"]
[Result "1-0"]
[ECO "B23"]
[WhiteElo "2586"]
[BlackElo "2347"]
[Annotator "ChessBase"]
[PlyCount "117"]
[EventDate "2019.07.20"]
[EventType "swiss"]
[EventCountry "SUI"]
[SourceTitle "playchess.com"]
[Source "ChessBase"]
[SourceQuality "1"]
[TimeControl "40/5400+30:1800+30"]

1. e4 c5 2. Nc3 Nc6 3. Bb5 Nd4 4. Nf3 Nxb5 5. Nxb5 d6 6. d4 cxd4 7. Qxd4 a6 8. Nc3 e5 9. Qa4+ b5 10. Qb3 Be6 11. Nd5 Nf6 12. Bg5 Bxd5 13. exd5 Be7 14. a4 O-O 15. Bxf6 Bxf6 16. O-O Rb8 17. axb5 Rxb5 18. Qd3 Qa8 19. Qxb5 axb5 20. Rxa8 Rxa8 21. Nd2 Be7 22. g4 Ra4 23. f3 Kf8 24. Ne4 Ra6 25. Kf2 Bd8 26. Ke2 Ke7 27. Kd3 Ra4 28. c3 Bb6 29. h4 f6 30. h5 Ba7 31. Rh1 h6 32. Kc2 Bb6 33. b4 Ra2+ 34. Kb3 Re2 35. Ra1 Re3 36. Rf1 Rd3 37. Kc2 Rxd5 38. Ra1 Be3 39. Ra8 Bb6 40. Rg8 Kf7 41. Rb8 Be3 42. Rb7+ Kf8 43. Rd7 Bb6 44. Rxd6 Rxd6 45. Nxd6 g6 46. hxg6 Kg7 47. Kd3 Kxg6 48. Ke4 Bf2 49. Nxb5 Be1 50. Ke3 f5 51. Ke2 Bg3 52. Nd6 fxg4 53. fxg4 h5 54. Ne4 Bh4 55. g5 Bxg5 56. Nxg5 Kxg5 57. b5 h4 58. b6 h3 59. Kf1 1-0

[Event "Biel Master Tournament 2019"]
[Site "Biel"]
[Date "2019.07.29"]
[Round "7.17"]
[White "Lee, Jun Hyeok"]
[Black "Lalith Babu M R"]
[Result "0-1"]
[ECO "A45"]
[WhiteElo "2383"]
[BlackElo "2580"]
[Annotator "ChessBase"]
[PlyCount "56"]
[EventDate "2019.07.20"]
[EventType "swiss"]
[EventCountry "SUI"]
[SourceTitle "playchess.com"]
[Source "ChessBase"]
[SourceQuality "1"]
[TimeControl "40/5400+30:1800+30"]

1. d4 Nf6 2. Bg5 Ne4 3. Bf4 c5 4. f3 Nf6 5. dxc5 e6 6. Bd6 b6 7. Bxf8 Rxf8 8. Nc3 bxc5 9. e4 Nc6 10. Qd2 d5 11. exd5 exd5 12. O-O-O Be6 13. Qg5 Rb8 14. Bb5 Qb6 15. Nge2 d4 16. Rhe1 a6 17. Qxg7 dxc3 18. Nxc3 axb5 19. Qxf6 Nd4 20. Qe5 Rd8 21. Nd5 Qd6 22. Nc7+ Ke7 23. Qg5+ f6 24. Qe3 Qxc7 25. c3 Kf7 26. Qh6 Kg8 27. cxd4 cxd4+ 28. Kb1 Qc4 0-1

[Event "Biel Master Tournament 2019"]
[Site "Biel"]
[Date "2019.07.29"]
[Round "7.18"]
[White "Santos Ruiz, Miguel"]
[Black "Omar, Noaman"]
[Result "1/2-1/2"]
[ECO "D35"]
[WhiteElo "2567"]
[BlackElo "2369"]
[Annotator "ChessBase"]
[PlyCount "91"]
[EventDate "2019.07.20"]
[EventType "swiss"]
[EventCountry "SUI"]
[SourceTitle "playchess.com"]
[Source "ChessBase"]
[SourceQuality "1"]
[TimeControl "40/5400+30:1800+30"]

1. d4 d5 2. c4 e6 3. Nc3 Be7 4. cxd5 exd5 5. Bf4 Nf6 6. e3 Bf5 7. Nge2 O-O 8. a3 c6 9. Ng3 Be6 10. Bd3 c5 11. Nf5 Bxf5 12. Bxf5 cxd4 13. exd4 Nc6 14. b4 g6 15. Bh3 Nh5 16. Bh6 Re8 17. O-O Bg5 18. Bxg5 Qxg5 19. g3 Nf4 20. Bd7 Red8 21. Bxc6 bxc6 22. h4 Qf6 23. gxf4 Qxf4 24. Re1 Re8 25. Qd3 Qxh4 26. Re3 Rxe3 27. Qxe3 Qg4+ 28. Kf1 h5 29. b5 Qd7 30. Qf3 Re8 31. bxc6 Qxc6 32. Nxd5 Kg7 33. Kg2 Rd8 34. Nc3 Qxf3+ 35. Kxf3 Rxd4 36. Ke3 Rd7 37. Rb1 h4 38. Ne4 Re7 39. Kf3 Rd7 40. Rb3 f5 41. Nc5 Rd5 42. Rb7+ Kh6 43. Rc7 g5 44. Rc6+ Kh5 45. Kg2 g4 46. Ne6 1/2-1/2

[Event "Biel Master Tournament 2019"]
[Site "Biel"]
[Date "2019.07.29"]
[Round "7.19"]
[White "Bisby, Daniel L"]
[Black "Bellahcene, Bilel"]
[Result "0-1"]
[ECO "B90"]
[WhiteElo "2335"]
[BlackElo "2541"]
[Annotator "ChessBase"]
[PlyCount "114"]
[EventDate "2019.07.20"]
[EventType "swiss"]
[EventCountry "SUI"]
[SourceTitle "playchess.com"]
[Source "ChessBase"]
[SourceQuality "1"]
[TimeControl "40/5400+30:1800+30"]

1. e4 c5 2. Nf3 d6 3. d4 cxd4 4. Nxd4 Nf6 5. Nc3 a6 6. f3 Qb6 7. a3 e5 8. Nb3 Be6 9. Nd5 Bxd5 10. exd5 Nbd7 11. Qd3 g6 12. Be3 Qc7 13. Be2 Bg7 14. O-O O-O 15. Rac1 Rfe8 16. Qd2 a5 17. a4 Re7 18. Kh1 h5 19. Bg5 e4 20. Nd4 Qc5 21. Nb3 e3 22. Qd3 Qa7 23. f4 Re4 24. Rce1 Rae8 25. Qb5 Ra8 26. c3 Nf8 27. Bf3 Ree8 28. f5 N8h7 29. Bf4 g5 30. Bxd6 g4 31. Be2 Ne4 32. Bc7 Be5 33. Bxe5 Rxe5 34. Nd4 Nhf6 35. Kg1 Rae8 36. Qd3 Nf2 37. Qc4 Rxd5 38. Qc7 Rde5 39. Bb5 R8e7 40. Qd8+ Kg7 41. Ne6+ R7xe6 42. fxe6 Rxe6 43. Re2 Qc5 44. Rfe1 Qg5 45. Bc4 g3 46. h3 Re4 47. Qc7 Kh6 48. Qxf7 Qf4 49. Be6 Kg5 50. Bc8 b6 51. Qb7 Re8 52. Qg7+ Kh4 53. Bd7 Rd8 54. Bc6 Rd2 55. Qe7 Nd3 56. Rxe3 Nxe1 57. Re4 Rxg2+ 0-1

[Event "Biel Master Tournament 2019"]
[Site "Biel"]
[Date "2019.07.29"]
[Round "7.20"]
[White "Stany, G.A."]
[Black "Samant Aditya S"]
[Result "1/2-1/2"]
[ECO "B54"]
[WhiteElo "2525"]
[BlackElo "2296"]
[Annotator "ChessBase"]
[PlyCount "95"]
[EventDate "2019.07.20"]
[EventType "swiss"]
[EventCountry "SUI"]
[SourceTitle "playchess.com"]
[Source "ChessBase"]
[SourceQuality "1"]
[TimeControl "40/5400+30:1800+30"]

1. e4 c5 2. Nf3 d6 3. Bb5+ Bd7 4. c4 Nc6 5. d4 cxd4 6. Nxd4 Nf6 7. Nc3 g6 8. O-O Bg7 9. Nxc6 bxc6 10. Ba4 O-O 11. Re1 Qb6 12. h3 Be6 13. Bb3 Nd7 14. Be3 Qb4 15. Bd2 Qb7 16. Na4 Nb6 17. Nxb6 axb6 18. Qc2 b5 19. c5 Bxb3 20. axb3 dxc5 21. Rxa8 Rxa8 22. e5 Rd8 23. f4 c4 24. bxc4 bxc4 25. Re4 Qb5 26. Bc1 f6 27. exf6 Bxf6 28. Rxc4 Rd1+ 29. Kh2 Rd6 30. b3 Kf7 31. Ba3 Re6 32. Bc5 Qb8 33. Qd3 Qc7 34. Kg3 Qa5 35. Rc2 Qe1+ 36. Bf2 Qb4 37. Rc4 Qd6 38. Qc2 Qd5 39. Rc5 Qd6 40. Qc4 Kg7 41. Kh2 Qd7 42. Ra5 Rd6 43. Bc5 Rd5 44. Ra7 Qe6 45. Qb4 Kf7 46. Ra8 Bg7 47. Ra7 Rd7 48. Rxd7 1/2-1/2

[Event "Biel Master Tournament 2019"]
[Site "Biel"]
[Date "2019.07.30"]
[Round "8.4"]
[White "Gukesh D"]
[Black "Salem, A.R. Saleh"]
[Result "1/2-1/2"]
[ECO "D02"]
[WhiteElo "2520"]
[BlackElo "2672"]
[Annotator "RC"]
[PlyCount "41"]
[EventDate "2019.07.20"]
[EventType "swiss"]
[EventCountry "SUI"]
[SourceTitle "playchess.com"]
[Source "ChessBase"]
[SourceQuality "1"]
[TimeControl "40/5400+30:1800+30"]

1. d4 Nf6 2. Nf3 e6 3. g3 c5 4. Bg2 cxd4 5. Nxd4 d5 6. O-O e5 7. Nf3 Qc7 8. c4 dxc4 9. Nc3 Bc5 10. Nb5 Qb6 11. Na3 Bxa3 12. Qa4+ Nc6 13. Qxa3 Be6 14. Bg5 a5 15. Nd2 Qb4 16. Qxb4 axb4 17. Bxc6+ bxc6 18. Rfc1 Nd7 19. Nxc4 f6 20. Be3 Ke7 21. a3 1/2-1/2

[Event "Biel Master Tournament 2019"]
[Site "Biel"]
[Date "2019.07.30"]
[Round "8.8"]
[White "Gopal G.N."]
[Black "Puranik, Abhimanyu"]
[Result "1/2-1/2"]
[ECO "C78"]
[WhiteElo "2594"]
[BlackElo "2550"]
[Annotator "ChessBase"]
[PlyCount "47"]
[EventDate "2019.07.20"]
[EventType "swiss"]
[EventCountry "SUI"]
[SourceTitle "playchess.com"]
[Source "ChessBase"]
[SourceQuality "1"]
[TimeControl "40/5400+30:1800+30"]

1. e4 e5 2. Nf3 Nc6 3. Bb5 a6 4. Ba4 Nf6 5. O-O Bc5 6. c3 O-O 7. d4 Ba7 8. dxe5 Nxe4 9. Qd5 Nc5 10. Bc2 Ne7 11. Qd1 d5 12. exd6 Qxd6 13. Qxd6 cxd6 14. Bf4 Rd8 15. Rd1 d5 16. h3 Bf5 17. Na3 Ne6 18. Be5 Be4 19. Nd4 Ng6 20. Nxe6 fxe6 21. Bd4 Bxc2 22. Nxc2 Bxd4 23. cxd4 Rac8 24. Rac1 1/2-1/2

[Event "Biel Master Tournament 2019"]
[Site "Biel"]
[Date "2019.07.30"]
[Round "8.9"]
[White "Shyam, Sundar M."]
[Black "Santos Latasa, Jaime"]
[Result "1-0"]
[ECO "B30"]
[WhiteElo "2520"]
[BlackElo "2594"]
[Annotator "RC"]
[PlyCount "125"]
[EventDate "2019.07.20"]
[EventType "swiss"]
[EventCountry "SUI"]
[SourceTitle "playchess.com"]
[Source "ChessBase"]
[SourceQuality "1"]
[TimeControl "40/5400+30:1800+30"]

1. e4 c5 2. Nf3 Nc6 3. Bb5 Nf6 4. Nc3 Nd4 5. e5 Nxb5 6. Nxb5 Nd5 7. O-O a6 8. Nc3 Nxc3 9. dxc3 d5 10. Be3 e6 11. Ng5 Qc7 12. f4 h6 13. Qh5 g6 14. Qh3 Bd7 15. Rad1 Bc6 16. Nxe6 fxe6 17. Qxe6+ Qe7 18. Qxg6+ Qf7 19. Qxf7+ Kxf7 20. f5 Rg8 21. Bf2 Be7 22. Bg3 Bg5 23. Rfe1 h5 24. Bf2 Be7 25. f6 Bf8 26. e6+ Kxf6 27. e7 Bg7 28. Bxc5 Kg6 29. Re6+ Kh7 30. Rf1 Bh6 31. Rff6 Bg5 32. Rf7+ Rg7 33. Rf8 Rg8 34. Rf7+ Rg7 35. Rf8 Rg8 36. Re5 Kg6 37. g3 Re8 38. h4 Bh6 39. Rff5 Bd7 40. Rf2 Bc6 41. Kh2 Rg7 42. Re6+ Kh7 43. Rff6 Bc1 44. Re5 Rg6 45. Rxh5+ Bh6 46. Rf7+ Rg7 47. Rf8 Kg6 48. Rxe8 Bxe8 49. Rxd5 Kf7 50. Kh3 Bc1 51. Ba3 Rg6 52. g4 Rf6 53. g5 Rf1 54. Rd8 Rh1+ 55. Kg3 Rg1+ 56. Kf2 Rg4 57. Kf3 Rg1 58. Bc5 Bc6+ 59. Kf2 Rg2+ 60. Kf1 Rxc2 61. Rf8+ Kg7 62. Bd4+ Kh7 63. Rf7+ 1-0

[Event "Biel Master Tournament 2019"]
[Site "Biel"]
[Date "2019.07.30"]
[Round "8.11"]
[White "Vishnu Prasanna. V"]
[Black "Sedlak, Nikola"]
[Result "0-1"]
[ECO "C11"]
[WhiteElo "2505"]
[BlackElo "2586"]
[Annotator "ChessBase"]
[PlyCount "74"]
[EventDate "2019.07.20"]
[EventType "swiss"]
[EventCountry "SUI"]
[SourceTitle "playchess.com"]
[Source "ChessBase"]
[SourceQuality "1"]
[TimeControl "40/5400+30:1800+30"]

1. e4 e6 2. d4 d5 3. Nc3 Nf6 4. e5 Nfd7 5. Nce2 c5 6. c3 Nc6 7. f4 b5 8. a3 c4 9. Nf3 Nb6 10. g4 h5 11. gxh5 Rxh5 12. Be3 f5 13. exf6 Qxf6 14. Bg2 Ne7 15. Ng3 Rh8 16. f5 Nxf5 17. Nxf5 Qxf5 18. Ne5 Be7 19. Rf1 Qh5 20. Qb1 Bf6 21. Rf3 Rg8 22. Qd1 Bd7 23. a4 bxa4 24. Bh3 Qh4+ 25. Bf2 Qe4+ 26. Re3 Qh1+ 27. Bf1 Qxh2 28. Qg4 Bxe5 29. Rxe5 O-O-O 30. Re2 Rdf8 31. Qg3 Qh7 32. Bg1 Kb7 33. Bh2 Ka8 34. Bg2 Rh8 35. Bf1 Qd3 36. Qg2 a3 37. Rd1 Rxh2 0-1

[Event "Biel Master Tournament 2019"]
[Site "Biel"]
[Date "2019.07.30"]
[Round "8.12"]
[White "Lalith Babu M R"]
[Black "Harika, Dronavalli"]
[Result "1-0"]
[ECO "D38"]
[WhiteElo "2580"]
[BlackElo "2425"]
[Annotator "ChessBase"]
[PlyCount "95"]
[EventDate "2019.07.20"]
[EventType "swiss"]
[EventCountry "SUI"]
[SourceTitle "playchess.com"]
[Source "ChessBase"]
[SourceQuality "1"]
[TimeControl "40/5400+30:1800+30"]

1. d4 Nf6 2. c4 e6 3. Nc3 Bb4 4. Nf3 d5 5. cxd5 exd5 6. Bf4 c6 7. a3 Bxc3+ 8. bxc3 Ne4 9. Rc1 g5 10. Bxb8 Rxb8 11. e3 Bg4 12. Be2 Bxf3 13. gxf3 Nd6 14. Bd3 f5 15. c4 dxc4 16. Bxc4 Nxc4 17. Rxc4 O-O 18. Rc5 Kh8 19. O-O Qf6 20. d5 cxd5 21. Qxd5 Qg7 22. Qc4 Rf7 23. Rd1 Rbf8 24. Rc8 h6 25. Rd6 Kh7 26. Rc5 Kh8 27. Qd3 Rf6 28. Rd7 R6f7 29. Rcc7 Rxd7 30. Rxd7 Rf7 31. Rd6 Kh7 32. Qd5 g4 33. f4 h5 34. e4 h4 35. Kg2 Kg8 36. exf5 Kh7 37. Rg6 Qf8 38. Rxg4 Rg7 39. h3 Qxa3 40. f6 Rxg4+ 41. hxg4 Kg6 42. Qg5+ Kf7 43. Qg7+ Ke6 44. f5+ Kd5 45. Qxb7+ Kd4 46. Qe7 Qa1 47. f7 h3+ 48. Kh2 1-0

[Event "Biel Master Tournament 2019"]
[Site "Biel"]
[Date "2019.07.30"]
[Round "8.13"]
[White "Aryan, Chopra"]
[Black "Baeumer, Lars"]
[Result "1-0"]
[ECO "C54"]
[WhiteElo "2553"]
[BlackElo "2245"]
[Annotator "ChessBase"]
[PlyCount "83"]
[EventDate "2019.07.20"]
[EventType "swiss"]
[EventCountry "SUI"]
[SourceTitle "playchess.com"]
[Source "ChessBase"]
[SourceQuality "1"]
[TimeControl "40/5400+30:1800+30"]

1. e4 e5 2. Nf3 Nc6 3. Bc4 Bc5 4. c3 Nf6 5. d4 exd4 6. e5 d5 7. Bb5 Ne4 8. cxd4 Bb6 9. Nc3 O-O 10. Be3 Bg4 11. h3 Bh5 12. Qc2 Ba5 13. O-O Bxf3 14. gxf3 Nxd4 15. Bxd4 Qg5+ 16. Kh1 Bxc3 17. bxc3 Qf5 18. Rfc1 Qxh3+ 19. Kg1 Ng5 20. Be2 Nxf3+ 21. Bxf3 Qxf3 22. Qd1 Qe4 23. Qh5 Rfe8 24. Re1 Qf4 25. Re3 Re6 26. Rf3 Rg6+ 27. Qxg6 Qxf3 28. Qg2 Qxg2+ 29. Kxg2 Re8 30. f4 b6 31. Rd1 Kf8 32. Kf3 g6 33. Bf2 c6 34. Bh4 Rb8 35. Bf6 Ke8 36. f5 gxf5 37. Kf4 Kd7 38. Kxf5 b5 39. Rh1 b4 40. cxb4 Rxb4 41. Rxh7 Ke8 42. e6 1-0

[Event "Biel Master Tournament 2019"]
[Site "Biel"]
[Date "2019.07.30"]
[Round "8.14"]
[White "Bellahcene, Bilel"]
[Black "Morawietz, Dieter"]
[Result "1-0"]
[ECO "A32"]
[WhiteElo "2541"]
[BlackElo "2405"]
[Annotator "ChessBase"]
[PlyCount "65"]
[EventDate "2019.07.20"]
[EventType "swiss"]
[EventCountry "SUI"]
[SourceTitle "playchess.com"]
[Source "ChessBase"]
[SourceQuality "1"]
[TimeControl "40/5400+30:1800+30"]

1. d4 Nf6 2. Nf3 e6 3. c4 c5 4. g3 cxd4 5. Nxd4 d5 6. Nc2 Nc6 7. Bg2 Bc5 8. cxd5 exd5 9. O-O O-O 10. Nc3 Be6 11. b3 Rc8 12. Bb2 Qd7 13. Rc1 Rfd8 14. Na4 Be7 15. Nd4 Ne4 16. Nxe6 Qxe6 17. e3 b5 18. Nc3 Bf6 19. Nxe4 dxe4 20. Qe2 Bxb2 21. Qxb2 Nb4 22. Rxc8 Rxc8 23. Qa3 Nd3 24. Qxa7 f5 25. f3 exf3 26. Bxf3 Rc5 27. e4 g6 28. b4 Re5 29. exf5 gxf5 30. Qd4 Qc4 31. Qd8+ Kf7 32. Rd1 Qc2 33. Bd5+ 1-0

[Event "Biel Master Tournament 2019"]
[Site "Biel"]
[Date "2019.07.30"]
[Round "8.15"]
[White "Shchekachev, Andrei"]
[Black "Wong, Jianwen"]
[Result "1-0"]
[ECO "D39"]
[WhiteElo "2531"]
[BlackElo "2301"]
[Annotator "ChessBase"]
[PlyCount "73"]
[EventDate "2019.07.20"]
[EventType "swiss"]
[EventCountry "SUI"]
[SourceTitle "playchess.com"]
[Source "ChessBase"]
[SourceQuality "1"]
[TimeControl "40/5400+30:1800+30"]

1. Nf3 Nf6 2. c4 e6 3. Nc3 d5 4. d4 Bb4 5. Bg5 dxc4 6. e4 h6 7. Bxf6 Qxf6 8. Bxc4 c5 9. O-O O-O 10. e5 Qd8 11. Ne4 cxd4 12. Qe2 Be7 13. Rad1 Qc7 14. Ng3 Rd8 15. Bd3 Nd7 16. Qe4 Nf8 17. Nh5 g6 18. Rc1 Qb6 19. Qf4 gxh5 20. Qxh6 Ng6 21. Bxg6 fxg6 22. Qxg6+ Kh8 23. Ng5 Bxg5 24. Qxh5+ Kg8 25. Qxg5+ Kf7 26. Rfe1 Rf8 27. Re4 Ke8 28. Qg6+ Kd8 29. Qg5+ Ke8 30. Qh5+ Kd8 31. Qh4+ Ke8 32. Rxd4 Rf7 33. Rcd1 Bd7 34. Rxd7 Rxd7 35. Qh8+ Ke7 36. Qg7+ Ke8 37. Rxd7 1-0

[Event "Biel Master Tournament 2019"]
[Site "Biel"]
[Date "2019.07.30"]
[Round "8.16"]
[White "Rahul Srivatshav P"]
[Black "Mastrovasilis, Athanasios"]
[Result "1/2-1/2"]
[ECO "A13"]
[WhiteElo "2414"]
[BlackElo "2518"]
[Annotator "ChessBase"]
[PlyCount "90"]
[EventDate "2019.07.20"]
[EventType "swiss"]
[EventCountry "SUI"]
[SourceTitle "playchess.com"]
[Source "ChessBase"]
[SourceQuality "1"]
[TimeControl "40/5400+30:1800+30"]

1. Nf3 Nf6 2. c4 e6 3. g3 d5 4. Bg2 dxc4 5. Qa4+ Nbd7 6. Qxc4 c5 7. O-O b6 8. Nc3 Bb7 9. Rd1 a6 10. a4 Rc8 11. b3 Be7 12. Bb2 O-O 13. e4 Ng4 14. Ne2 Bf6 15. Bxf6 Qxf6 16. Nf4 Nde5 17. Qc3 Nxf3+ 18. Bxf3 Ne5 19. Bg2 Rfd8 20. b4 c4 21. Qe3 Rd6 22. Rac1 Qd8 23. h4 h6 24. Bf1 Rd4 25. d3 c3 26. Ne2 Rxd3 27. Rxd3 Qxd3 28. Rxc3 Nf3+ 29. Kg2 Ne1+ 30. Kg1 Qxe3 31. fxe3 Nc2 32. b5 axb5 33. axb5 Rxc3 34. Nxc3 Nxe3 35. Be2 Nc2 36. Kf2 Nd4 37. Ke3 e5 38. Na4 Nxe2 39. Kxe2 Bxe4 40. Nxb6 Kf8 41. Nd7+ Ke7 42. Nxe5 Ke6 43. Nc4 Kd5 44. Ke3 Bg2 45. Nd2 Ke5 {[%emt 0:08:43] Ke4+} 1/2-1/2

[Event "Biel Master Tournament 2019"]
[Site "Biel"]
[Date "2019.07.30"]
[Round "8.17"]
[White "Tania, Sachdev"]
[Black "Keymer, Vincent"]
[Result "1/2-1/2"]
[ECO "D24"]
[WhiteElo "2401"]
[BlackElo "2513"]
[Annotator "ChessBase"]
[PlyCount "98"]
[EventDate "2019.07.20"]
[EventType "swiss"]
[EventCountry "SUI"]
[SourceTitle "playchess.com"]
[Source "ChessBase"]
[SourceQuality "1"]
[TimeControl "40/5400+30:1800+30"]

1. d4 Nf6 2. c4 e6 3. Nf3 d5 4. Nc3 dxc4 5. Qa4+ Bd7 6. Qxc4 a6 7. Bg5 b5 8. Qd3 c5 9. Bxf6 gxf6 10. e3 Nc6 11. Be2 c4 12. Qc2 f5 13. O-O Bg7 14. d5 Ne7 15. e4 fxe4 16. dxe6 Bxe6 17. Rad1 Qc8 18. Qxe4 Bf5 19. Qe3 Qe6 20. Qg5 Qf6 21. Qg3 O-O 22. Rd6 Be6 23. Nd4 Nf5 24. Nxf5 Qxf5 25. Bf3 Rad8 26. Be4 Qh5 27. Bf3 Qe5 28. Rxa6 b4 29. Nd1 Qxg3 30. hxg3 Rd2 31. Rb6 b3 32. axb3 cxb3 33. Be4 Rc8 34. Ne3 Bd4 35. Rb7 Rc5 36. g4 Bxe3 37. fxe3 Rxb2 38. Kh2 Re2 39. Rf3 b2 40. Rh3 h5 41. Rxh5 Rxh5+ 42. gxh5 Kg7 43. Kg3 Kh6 44. Kf3 Rd2 45. g4 Kg5 46. Rb5+ Kh6 47. Rb6 Kg5 48. Rb5+ Kh6 49. Rb6 Kg5 1/2-1/2

[Event "Biel Master Tournament 2019"]
[Site "Biel"]
[Date "2019.07.30"]
[Round "8.18"]
[White "Sukandar, Irine Kharisma"]
[Black "Santos Ruiz, Miguel"]
[Result "0-1"]
[ECO "B49"]
[WhiteElo "2396"]
[BlackElo "2567"]
[Annotator "ChessBase"]
[PlyCount "68"]
[EventDate "2019.07.20"]
[EventType "swiss"]
[EventCountry "SUI"]
[SourceTitle "playchess.com"]
[Source "ChessBase"]
[SourceQuality "1"]
[TimeControl "40/5400+30:1800+30"]

1. e4 c5 2. Nf3 e6 3. d4 cxd4 4. Nxd4 Nc6 5. Nc3 Qc7 6. Be3 a6 7. Be2 b5 8. Nxc6 Qxc6 9. O-O Bb7 10. Bf3 Rc8 11. Re1 Qc7 12. e5 f5 13. Bxb7 Qxb7 14. a4 b4 15. Ne2 Ne7 16. Nf4 g6 17. a5 Bg7 18. Nd3 Nd5 19. Bc5 Qb5 20. Bd6 Bh6 21. Qe2 Rc6 22. f4 Kf7 23. Qf2 Rhc8 24. Qh4 Bg7 25. Red1 Rxc2 26. Ne1 R2c4 27. Nf3 h6 28. b3 Rc3 29. Nd4 Qb7 30. h3 Ne3 31. Rd2 Rc1+ 32. Rxc1 Rxc1+ 33. Kf2 Qxg2+ 34. Kxe3 Qe4+ 0-1

[Event "Biel Master Tournament 2019"]
[Site "Biel"]
[Date "2019.07.30"]
[Round "8.19"]
[White "Akash G"]
[Black "Stany, G.A."]
[Result "1/2-1/2"]
[ECO "C47"]
[WhiteElo "2394"]
[BlackElo "2525"]
[Annotator "ChessBase"]
[PlyCount "92"]
[EventDate "2019.07.20"]
[EventType "swiss"]
[EventCountry "SUI"]
[SourceTitle "playchess.com"]
[Source "ChessBase"]
[SourceQuality "1"]
[TimeControl "40/5400+30:1800+30"]

1. e4 e5 2. Nf3 Nc6 3. Nc3 Nf6 4. g3 d5 5. exd5 Nxd5 6. Bg2 Nb6 7. O-O Bd6 8. a4 a5 9. d4 O-O 10. Nb5 Bg4 11. h3 Bxf3 12. Bxf3 exd4 13. Nxd4 Nxd4 14. Qxd4 Rb8 15. Rd1 Qe7 16. Qc3 Bb4 17. Qb3 Nd7 18. Bf4 Nc5 19. Qc4 Ne6 20. Be3 Bc5 21. Bxc5 Qxc5 22. Qxc5 Nxc5 23. c3 Rfd8 24. Rxd8+ Rxd8 25. b4 Rd3 26. Be2 Rd2 27. bxc5 Rxe2 28. Rb1 Kf8 29. Rxb7 Re4 30. Rxc7 Rxa4 31. Kf1 Rc4 32. Ke2 Rxc3 33. Kd2 Rf3 34. Ra7 Ke8 35. Rxa5 Rxf2+ 36. Ke3 Rg2 37. Kf3 Rc2 38. Ke4 Kd7 39. Ra7+ Ke6 40. Ra6+ Kd7 41. Ra7+ Ke6 42. Kd4 h5 43. h4 Rc1 44. Ra6+ Kd7 45. Rd6+ Kc7 46. Ra6 Kd7 1/2-1/2

[Event "Biel Master Tournament 2019"]
[Site "Biel"]
[Date "2019.07.30"]
[Round "8.20"]
[White "Omar, Noaman"]
[Black "Notkevich, Benjamin Arvola"]
[Result "0-1"]
[ECO "E10"]
[WhiteElo "2369"]
[BlackElo "2497"]
[Annotator "ChessBase"]
[PlyCount "72"]
[EventDate "2019.07.20"]
[EventType "swiss"]
[EventCountry "SUI"]
[SourceTitle "playchess.com"]
[Source "ChessBase"]
[SourceQuality "1"]
[TimeControl "40/5400+30:1800+30"]

1. d4 Nf6 2. c4 c5 3. d5 b5 4. Nf3 e6 5. Bg5 b4 6. e4 d6 7. a3 Be7 8. axb4 Nxe4 9. Bxe7 Qxe7 10. bxc5 exd5 11. Be2 dxc4 12. O-O O-O 13. Bxc4 Nxc5 14. b4 Ne6 15. Nc3 Nc6 16. Nd5 Qd8 17. Re1 Bb7 18. Nd2 Ne5 19. Ba2 a5 20. b5 Nc5 21. Re3 Rb8 22. f4 Ned3 23. Ne7+ Kh8 24. f5 Re8 25. f6 gxf6 26. Qf1 Nd7 27. Qxd3 Rxe7 28. Bb1 Nf8 29. Rxe7 Qxe7 30. Ra4 Re8 31. Nf1 Ng6 32. Qf5 Kg7 33. Rxa5 Bxg2 34. Bd3 Ba8 35. Ra4 Qb7 36. Rg4 Re5 0-1

[Event "Biel Master Tournament 2019"]
[Site "Biel"]
[Date "2019.07.31"]
[Round "9.9"]
[White "Aryan, Chopra"]
[Black "Gopal G.N."]
[Result "1/2-1/2"]
[ECO "B90"]
[WhiteElo "2553"]
[BlackElo "2594"]
[Annotator "ChessBase"]
[PlyCount "87"]
[EventDate "2019.07.20"]
[EventType "swiss"]
[EventCountry "SUI"]
[SourceTitle "playchess.com"]
[Source "ChessBase"]
[SourceQuality "1"]
[TimeControl "40/5400+30:1800+30"]

1. e4 c5 2. Nf3 d6 3. d4 cxd4 4. Nxd4 Nf6 5. Nc3 a6 6. Nb3 Nbd7 7. a4 b6 8. g4 Bb7 9. Bg2 h6 10. h4 g6 11. Qe2 Rc8 12. Rh3 Bg7 13. h5 g5 14. Nd4 Ne5 15. Nf5 Bf8 16. f4 gxf4 17. Bxf4 e6 18. O-O-O Qc7 19. Nxh6 Rxh6 20. g5 Rxh5 21. Bxe5 dxe5 22. Rxh5 Nxh5 23. Qxh5 b5 24. g6 b4 25. gxf7+ Qxf7 26. Qxf7+ Kxf7 27. Rd7+ Kf6 28. Rxb7 bxc3 29. Rb6 Bc5 30. Rxe6+ Kxe6 31. Bh3+ Kd6 32. Bxc8 cxb2+ 33. Kxb2 a5 34. Kb3 Kc6 35. Kc4 Bf2 36. Ba6 Be3 37. Bb5+ Kd6 38. Be8 Kc7 39. Kd5 Bd4 40. c4 Bc3 41. c5 Bd4 42. Kc4 Be3 43. Kb5 Bd2 44. c6 1/2-1/2

[Event "Biel Master Tournament 2019"]
[Site "Biel"]
[Date "2019.07.31"]
[Round "9.10"]
[White "Vaibhav, Suri"]
[Black "Bellahcene, Bilel"]
[Result "1/2-1/2"]
[ECO "B92"]
[WhiteElo "2591"]
[BlackElo "2541"]
[Annotator "ChessBase"]
[PlyCount "93"]
[EventDate "2019.07.20"]
[EventType "swiss"]
[EventCountry "SUI"]
[SourceTitle "playchess.com"]
[Source "ChessBase"]
[SourceQuality "1"]
[TimeControl "40/5400+30:1800+30"]

1. e4 c5 2. Nf3 d6 3. d4 cxd4 4. Nxd4 Nf6 5. Nc3 a6 6. Be2 e5 7. Nb3 Be7 8. Be3 Be6 9. f4 exf4 10. Bxf4 Nc6 11. Qd2 d5 12. exd5 Nxd5 13. Nxd5 Qxd5 14. O-O-O Qxg2 15. Rhg1 Qe4 16. Rxg7 Rd8 17. Qe3 Rxd1+ 18. Bxd1 Qxe3+ 19. Bxe3 h5 20. Bf3 Bg4 21. Bxg4 Kf8 22. Bc8 Kxg7 23. Bxb7 Nb8 24. c4 Bd6 25. h3 Re8 26. Kd2 f5 27. c5 Bc7 28. Nd4 Kf6 29. b4 h4 30. a4 Rg8 31. Nf3 Rg2+ 32. Kc3 Rg3 33. Bd4+ Ke7 34. Bf2 Rxh3 35. Bxh4+ Kd7 36. b5 axb5 37. axb5 Bd8 38. Bf2 Kc7 39. Bd5 Nd7 40. b6+ Kb8 41. Kc4 f4 42. Kb5 Nxb6 43. cxb6 Rh5 44. Kc4 Rxd5 45. Kxd5 Kb7 46. Ke4 Bxb6 47. Kxf4 1/2-1/2

[Event "Biel Master Tournament 2019"]
[Site "Biel"]
[Date "2019.07.31"]
[Round "9.11"]
[White "Sedlak, Nikola"]
[Black "Shchekachev, Andrei"]
[Result "0-1"]
[ECO "B84"]
[WhiteElo "2586"]
[BlackElo "2531"]
[Annotator "ChessBase"]
[PlyCount "112"]
[EventDate "2019.07.20"]
[EventType "swiss"]
[EventCountry "SUI"]
[SourceTitle "playchess.com"]
[Source "ChessBase"]
[SourceQuality "1"]
[TimeControl "40/5400+30:1800+30"]

1. e4 c5 2. Nf3 d6 3. d4 cxd4 4. Nxd4 Nf6 5. Nc3 a6 6. Be3 Nc6 7. Be2 e6 8. f4 Be7 9. Qd2 O-O 10. O-O-O Nxd4 11. Qxd4 Nd7 12. g4 b5 13. g5 Qa5 14. a3 Rb8 15. Na2 Bb7 16. Rhg1 Rfc8 17. f5 Nc5 18. Nc3 e5 19. Qb4 Qc7 20. Nd5 Bxd5 21. Rxd5 a5 22. Qc3 b4 23. axb4 axb4 24. Qc4 Qa5 25. Bxc5 Rxc5 26. Rxc5 Qa1+ 27. Kd2 Qxg1 28. Rc8+ Rxc8 29. Qxc8+ Bf8 30. Bc4 Qxh2+ 31. Kd3 Qg3+ 32. Ke2 Qg4+ 33. Kd3 Qf3+ 34. Kd2 Qf2+ 35. Kd1 Qd4+ 36. Kc1 Qg1+ 37. Kd2 Qd4+ 38. Kc1 Qg1+ 39. Kd2 Qxg5+ 40. Kd3 Qg3+ 41. Ke2 Qg4+ 42. Kd3 Qh3+ 43. Kd2 Qh6+ 44. Kd3 g5 45. fxg6 hxg6 46. Bd5 Qc1 47. Ke2 Kg7 48. Qc7 Qf4 49. Qb7 g5 50. Qxb4 g4 51. Qc3 Qh2+ 52. Kf1 Qh1+ 53. Kf2 Be7 54. Qe3 Bh4+ 55. Ke2 Qg2+ 56. Kd3 g3 {[%emt 0:00:22] Kd4} 0-1